 Dungeon Crawl Stone Soup version 0.28.0-53-g5a82cb258f (webtiles) character file.

Game seed: 7051649904416392926

60 SanguineChosen the Chopper (level 3, -2/33 HPs)
             Began as a Minotaur Berserker on July 28, 2022.
             Was a Believer of Trog.
             Slain by a hobgoblin (5 damage)
             ... on level 2 of the Dungeon.
             The game lasted 00:05:23 (1468 turns).

SanguineChosen the Chopper (Minotaur Berserker)     Turns: 1468, Time: 00:05:23

Health: -2/33      AC:  2    Str: 23    XL:     3   Next: 82%
Magic:  2/2        EV: 12    Int:  4    God:    Trog [**....]
Gold:   54         SH:  0    Dex:  9    Spells: 2/2 levels left

rFire   . . .      SeeInvis .   a - +0 hand axe
rCold   . . .      Faith    .   (no shield)
rNeg    . . .      Spirit   .   b - +0 animal skin
rPois   .          Reflect  .   (helmet restricted)
rElec   .          Harm     .   (no cloak)
rCorr   .          Rampage  .   (no gloves)
Will    .....                   (no boots)
Stlth   +.........              (no amulet)
HPRegen 0.11/turn               (no ring)
MPRegen 0.08/turn               (no ring)

@: no status effects
A: horns 2, retaliatory headbutt
a: Renounce Religion, Berserk, Trog's Hand


You were on level 2 of the Dungeon.
You worshipped Trog.
Trog was pleased with you.
You visited 1 branch of the dungeon, and saw 2 of its levels.

You collected 54 gold pieces.

Inventory:

Hand Weapons
 a - a +0 hand axe (weapon)
Armour
 b - a +0 animal skin (worn)
 f - a +0 scale mail
Jewellery
 d - a ring of magical power
Scrolls
 e - a scroll of blinking {unknown}
Potions
 c - a potion of mutation {unknown}


   Skills:
 + Level 4.3 Fighting
 * Level 5.0 Axes
 + Level 2.5 Armour
 + Level 2.5 Dodging


You had 2 spell levels left.
You didn't know any spells.
Your spell library was empty.

Dungeon Overview and Level Annotations

Branches:
Dungeon (2/15)

Altars:

Shops:
D:1 *


Innate Abilities, Weirdness & Mutations

You have a pair of horns on your head.
You reflexively headbutt those who attack you in melee.


Message History

The adder misses you. You furiously retaliate!
You headbutt the adder. You completely miss the adder.
Your headbutt misses the adder.
The adder is moderately wounded.
You closely miss the gnoll. The adder barely misses you.
The gnoll hits you with a +0 flail.
You miss the adder. Your headbutt misses the adder.
The adder is moderately wounded.
You hit the gnoll but do no damage. The adder misses you.
You furiously retaliate!
You headbutt the adder!
You kill the adder!
Trog accepts your kill. The gnoll hits you with a +0 flail!
You hit the gnoll but do no damage.
The gnoll is lightly wounded.
The gnoll closely misses you. You furiously retaliate!
You headbutt the gnoll. You hit the gnoll. Your headbutt misses the gnoll.
The gnoll is heavily wounded.
The gnoll closely misses you.
You barely miss the gnoll. You headbutt the gnoll.
You kill the gnoll!
Trog accepts your kill.
Your Axes skill increases to level 5!
A gnoll comes into view. It is wielding a +0 spear.
The gnoll shouts!
The gnoll misses you.
Things that are here:
a +0 flail; a gnoll corpse You see here a +0 scale mail.
f - a +0 scale mail The gnoll hits you from afar with a +0 spear!
* * * LOW HITPOINT WARNING * * *
A hobgoblin comes into view.
The hobgoblin shouts!
You hear an angry hiss.
A frilled lizard comes into view.
The gnoll hits you with a +0 spear.
* * * LOW HITPOINT WARNING * * *
You hit the gnoll.
The gnoll is moderately wounded.
The gnoll barely misses you. The hobgoblin hits you.
You die...

#.#......... #
#.#.#.####
#)#...#
#...#...#######
#.g###.>..)...#
#.# #...#####.
#. #.#..# ### #
###..###.##
#...g@..#
#.####g## #.#
#.# #.# #.# #.
#.# #. #.. #.
#l# ..


You could see a gnoll, a hobgoblin and a frilled lizard.

Vanquished Creatures
  2 gnolls (D:2)
  An adder (D:2)
  A dart slug (D:1)
  A ball python (D:1)
  4 endoplasms
  A giant cockroach (D:1)
  3 goblins (D:1)
  4 hobgoblins
  4 bats (D:1)
  2 frilled lizards (D:1)
  5 kobolds
  2 rats (D:1)
30 creatures vanquished.

Vanquished Creatures (others)
  A fungus (D:1)
  3 plants (D:1)
4 creatures vanquished.

Grand Total: 34 creatures vanquished

Notes
Turn   | Place    | Note
-------+----------+-------------------------------------------
     0 | D:1      | SanguineChosen the Minotaur Berserker began the quest for
                  | the Orb.
     0 | D:1      | Reached XP level 1. HP: 19/19 MP: 0/0
   156 | D:1      | Reached skill level 4 in Axes
   156 | D:1      | Reached XP level 2. HP: 15/27 MP: 1/1
   299 | D:1      | Found a faded altar of an unknown god.
   346 | D:1      | Found Erirelicho's Assorted Antiques.
  1144 | D:2      | Reached XP level 3. HP: 33/33 MP: 2/2
  1213 | D:2      | Reached ** piety under Trog
  1456 | D:2      | Reached skill level 5 in Axes
  1468 | D:2      | Slain by a hobgoblin

Illustrated notes

Levels and vault maps discovered:
D:1:      minmay_arrival_four_circles, layout_basic,
          shapermc_ecumenical_altar_mp_ritualfount, serial_shops,
          nicolae_shop_hallway_plus, glass_columns_c,
          chequers_serial_rivers_micro_e
D:2:      layout_loops_ring

Skill      XL: |  1  2  3 |
---------------+----------+-----
Fighting       | 4 |  4.3
Axes           | 4 5 |  5.0
Armour         | |  2.5
Dodging        | |  2.5

Action                   || total
-------------------------++-------
Melee: Hand axe          ||    59
       Headbutt          ||     6
Armor: Animal skin       ||     7
Dodge: Dodged            ||    40
